 Dungeon Crawl Stone Soup version 0.30.0-29-ga12c61a403 (webtiles) character file.

Game seed: 3030528384553091856

322 safid the Chiller (level 6, -3/48 HPs)
             Began as a Merfolk Ice Elementalist on June 9, 2023.
             Slain by Edmund
             ... wielding a +0 flail of venom
              (4 damage)
             ... on level 4 of the Dungeon.
             The game lasted 00:03:08 (2797 turns).

safid the Chiller (Merfolk Ice Elementalist)        Turns: 2797, Time: 00:03:08

Health: -3/48      AC: 10    Str:  9    XL:     6   Next: 47%
Magic:  5/11       EV: 12    Int: 16    God:
Gold:   176        SH:  0    Dex: 14    Spells: 5/12 levels left

rFire   . . .        h - +2 short sword (drain)
rCold   . . .        (no shield)
rNeg    . . .        a - +0 robe
rPois   .            (no helmet)
rElec   .            i - +0 cloak
rCorr   .            (no gloves)
SInv    .            l - +0 pair of boots
Will    .....        (no amulet)
Stlth   ++           (no ring)
HPRegen 0.28/turn    (no ring)
MPRegen 0.12/turn

%: no passive effects
@: mighty, brilliant, lethally poisoned (-3 -> -6), ice-armoured, hasted, very
quick
A: (nimble swimmer 2), mertail
a: no special abilities


You were on level 4 of the Dungeon.
You visited 1 branch of the dungeon, and saw 4 of its levels.

You collected 176 gold pieces.

Inventory:

Hand Weapons
 h - a +2 short sword of draining (weapon)
Armour
 a - a +0 robe (worn)
 i - a +0 cloak (worn)
 l - a +0 pair of boots (worn)
Scrolls
 c - a scroll of poison {unknown}
 d - a scroll of immolation {unknown}
 e - a scroll of enchant armour {unknown}
 g - 6 scrolls of identify {unknown}
Potions
 b - a potion of magic
 f - a potion of cancellation {unknown}
 j - a potion of attraction {unknown}
 p - a potion of ambrosia {unknown}


   Skills:
 + Level 3.7 Fighting
 - Level 2.6 Dodging
 - Level 2.1 Stealth
 + Level 3.8 Spellcasting
 + Level 5.9 Ice Magic


You had 5 spell levels left.
You knew the following spells:

 Your Spells              Type           Power      Damage    Failure   Level
a - Freeze                Ice            100%       1d10      1%          1
b - Frozen Ramparts       Ice            66%        1d10      4%          3
c - Ozocubu's Armour      Ice            33%        N/A       4%          3

Your spell library contained the following spells:

 Spells                   Type           Power      Damage    Failure   Level
 Ensorcelled Hibernation  Hex/Ice        38%        N/A       8%          2
 Passwall                 Tmut/Erth      3%         N/A       26%         2
 Spider Form              Tmut/Pois      4%         N/A       45%         3
 Swiftness                Air            4%         N/A       45%         3
 Summon Ice Beast         Ice/Summ       19%        N/A       45%         4
 Anguish                  Hex/Necr       2%         N/A       86%         4


Dungeon Overview and Level Annotations

Branches:
Dungeon (4/15)
 Temple: D:4-7

Altars:
Gozag
Okawaru
Sif Muna

Annotations:
D:4 Edmund


Innate Abilities, Weirdness & Mutations

((You are very nimble when in or above water. (Stealth+, EV+, Speed+++)))
Your lower body shifts to a powerful aquatic tail in water.


Message History

Edmund hits you with a +0 flail of venom.
You are more poisoned.
Casting: Ozocubu's Armour (dangerous; 4% risk of failure)
Confirm with . or Enter, or press ? or * to list all spells.
Aiming: Freeze (safe; 1% risk of failure)
Press: ? - help, Shift-Dir - straight line, f - Edmund
Aim: Edmund, wielding a +0 flail of venom and wearing a +0 chain mail (heavily wounded, heavily drained)
You freeze Edmund.
Edmund is heavily wounded.
The frozen ramparts melt away.
* * * LOW HITPOINT WARNING * * *
You feel extremely sick. The quokka misses you.
Edmund hits you with a +0 flail of venom.
* * * LOW HITPOINT WARNING * * *
You are more poisoned.
The quokka bites you.
* * * LOW HITPOINT WARNING * * *
Unknown command.
You feel better. The quokka closely misses you.
Edmund hits you but does no damage.
You are poisoned.
Unknown command.
It was a potion of haste.
You feel yourself speed up.
* * * LOW HITPOINT WARNING * * *
You feel sick. The quokka bites you.
* * * LOW HITPOINT WARNING * * *
Edmund barely misses you.
Unknown command.
It was a potion of brilliance.
You feel clever all of a sudden.
* * * LOW HITPOINT WARNING * * *
You feel sick. The quokka closely misses you.
Unknown command.
It was a potion of might.
You feel very mighty all of a sudden.
* * * LOW HITPOINT WARNING * * *
You feel sick.
Edmund hits you with a +0 flail of venom.
You die...

# .# ..# ## .. .
.#.###.
....#####@......
.......<@#
.....###r.......
#.# .........
#.#.#.....
...........
..#.#.#J(...
#............
...#.#.#.....


You could see Edmund (very drained), an endoplasm (asleep) and a quokka.

Vanquished Creatures
  Pargi (D:3)
  2 hounds (D:3)
  Natasha (thrice) (D:3)
  2 gnolls (D:2)
  An adder (D:3)
  2 dart slugs
  An orc (D:3)
  3 ball pythons
  6 endoplasms
  4 giant cockroaches
  3 goblins
  6 hobgoblins
  2 jackals (D:2)
  A quokka (D:3)
  7 bats
  3 frilled lizards
  6 kobolds
  6 rats
59 creatures vanquished.

Notes
Turn   | Place    | Note
-------+----------+-------------------------------------------
     0 | D:1      | safid the Merfolk Ice Elementalist began the quest for the
                  | Orb.
     0 | D:1      | Reached XP level 1. HP: 13/13 MP: 3/3
   213 | D:1      | Reached XP level 2. HP: 20/20 MP: 5/5
   287 | D:1      | Reached skill level 1 in Fighting
   664 | D:1      | Found a faded altar of an unknown god.
   758 | D:2      | Found an opulent altar of Gozag.
   918 | D:2      | Reached XP level 3. HP: 26/26 MP: 6/6
  1490 | D:2      | Reached skill level 5 in Ice Magic
  1490 | D:2      | Reached XP level 4. HP: 23/33 MP: 4/8
  1549 | D:2      | Learned a level 3 spell: Frozen Ramparts
  1553 | D:2      | Learned a level 3 spell: Ozocubu's Armour
  1785 | D:3      | Found a shimmering blue altar of Sif Muna.
  1828 | D:3      | Noticed Natasha
  1839 | D:3      | Killed Natasha
  2168 | D:3      | Found an iron altar of Okawaru.
  2198 | D:3      | Noticed Natasha
  2206 | D:3      | Killed Natasha
  2207 | D:3      | Reached XP level 5. HP: 33/39 MP: 4/9
  2340 | D:3      | Noticed Natasha
  2349 | D:3      | Killed Natasha
  2468 | D:3      | Noticed Pargi
  2478 | D:3      | Killed Pargi
  2479 | D:3      | Reached XP level 6. HP: 30/47 MP: 5/11
  2783 | D:4      | Noticed Edmund
  2793 | D:4      | HP: 2/48 [quokka (4)]
  2797 | D:4      | Slain by Edmund

Illustrated notes

Levels and vault maps discovered:
D:1:      lightli_arrival_chessboard, layout_basic,
          hellmonk_ecumenical_altar_heavens_door
D:2:      layout_basic, basic_altar, minmay_misc_feat_chi, glass_columns_b,
          kennysheep_doodads, dreamdust_princess_corridor,
          kennysheep_generic_room_6
D:3:      layout_basic, mainiacjoe_overflow_catwalk_spiral, serial_glass,
          glass_columns_a, glass_columns_c, uniq_pargi, uniq_natasha
D:4:      layout_rooms, makhleb_blood_cavern_becter, minmay_temple_entry_tees,
          ebering_ghost_sewer_d, glass_columns_b, uniq_edmund, uniq_eustachio

Skill      XL: |  1  2  3  4  5 |
---------------+----------------+-----
Fighting       | 1 2 3 |  3.7
Ice Magic      | 5 |  5.9
Spellcasting   | 3 |  3.8
Dodging        | |  2.6
Stealth        | |  2.1

Action                     |  1- 3 |  4- 6 || total
---------------------------+-------+-------++-------
  Melee: Hand axe          |    54 |       ||    54
         Unarmed           |     1 |       ||     1
         Short sword       |    24 |    60 ||    84
         Punch             |     2 |       ||     2
   Cast: Freeze            |    20 |    23 ||    43
         Ozocubu's Armour  |       |     2 ||     2
         Frozen Ramparts   |       |     2 ||     2
    Use: Potion            |       |     4 ||     4
   Stab: Sleeping          |     2 |     2 ||     4
 Armour: Robe              |    32 |    32 ||    64
  Dodge: Dodged            |    63 |    63 ||   126
